[Event "*** MasterClass Titled Tuesday Blitz"]
[Site "Chess.com"]
[Date "2017.07.04"]
[Round "6"]
[White "Popopuiyt"]
[Black "Zufi1811"]
[Result "1/2-1/2"]
[WhiteElo "2240"]
[BlackElo "2391"]
[TimeControl "180+2"]
[EndTime "14:26:09 PDT"]
[Termination "Game drawn by stalemate"]

1. d4 Nf6 2. c4 e6 3. Nc3 d5 4. cxd5 exd5 5. Bg5 c6 6. e3 Be7 7. Bd3 Nbd7 8. Nf3 Nh5 9. Bxe7 Qxe7 10. O-O Nhf6 11. Rb1 O-O 12. b4 a6 13. a4 Nb6 14.
b5 axb5 15. axb5 c5 16. dxc5 Qxc5 17. Ne2 Be6 18. Nfd4 Rfe8 19. h3 Ne4 20. Qc1 Qd6 21.
Rd1 Rec8 22. Qb2 Na4 23. Qb4 Nac3 24. Qxd6 Nxd6 25. Nxc3 Rxc3 26. Kf1 Kf8 27. Ke1 Ke7 28. Kd2 Rca3 29. Rdc1 Ra2+ 30. Rc2 Ne4+ 31. Bxe4 dxe4 32. Rc1 g6 33. Rxa2 Rxa2+ 34. Rc2 Rxc2+ 35. Kxc2 Bc4 36. g3 Kd6 37. Kc3 Kc5 38. b6 Bd5 39. h4 Kxb6 40. Kb4 Be6 41. Nc2 Kc6 42. Nd4+ Kd5 43. Nc2 Ke5 44. Nd4 Bd5 45. Kc5 h5 46. Kb6 f6 47.
Kc5 g5 48. Kb6 gxh4 49. gxh4 f5 50. Kc5 Bf7 51. Kb6 f4 52. Kxb7 fxe3 53. fxe3 Kd5 54. Kc7 Kc4 55. Kd6 Kd3 56. Nf5 Bg6 57. Ne7 Bh7 58.
Nd5 Bg8 59. Nf6 Kxe3 60. Nxg8 Kf4 61. Nf6 e3 62. Nd5+ Ke4 63. Ke6 Kf3 64. Nxe3 Kxe3 65.
Kf5 Kd4 66. Kg5 Ke5 67. Kg6 Ke6 68. Kg7 Ke7 69. Kh6 Kf8 70. Kxh5 Kg8 71. Kg6 Kh8 72. h5 Kg8 73. h6 Kh8 74. h7 1/2-1/2

[Event "*** MasterClass Titled Tuesday Blitz"]
[Site "Chess.com"]
[Date "2017.07.04"]
[Round "6"]
[White "vpantev"]
[Black "Fandorine"]
[Result "1/2-1/2"]
[WhiteElo "2463"]
[BlackElo "2663"]
[TimeControl "180+2"]
[EndTime "14:27:27 PDT"]
[Termination "Game drawn - insufficient material"]

1. d4 Nf6 2. Nf3 b6 3. Bf4 Bb7 4. e3 g6 5. Be2 Bg7 6. O-O O-O 7. h3 d6 8. c4 c5 9. d5 Nh5 10. Nc3 Nxf4 11. exf4 a6 12. a4 Re8 13. Bd3 Nd7 14.
f5 Ne5 15. Nxe5 Bxe5 16. Qc2 Kg7 17. Rae1 Bc8 18. Re2 Bd7 19. Rfe1 Qc8 20. Rxe5 dxe5 21. Rxe5 f6 22. Re3 Bxf5 23. Ne4 Bxe4 24. Bxe4 Qd7 25. Rg3 f5 26. Bxf5 Qd6 27. Be6 Rf8 28. h4 Rf6 29. h5 Raf8 30. Qc3 Qf4 31. Rf3 Qg5 32. hxg6 hxg6 33.
Rg3 Qf4 34. Rf3 Qh4 35. Rg3 a5 36. b3 Rh8 37. Bh3 Rf8 38. Rf3 Qd4 39. Qxd4 cxd4 40. Rd3 Rxf2 41. Rxd4 R8f4 42. Rd3 Rf1+ 43. Kh2 Re1 44. d6 exd6 45. Rxd6 Rf6 46. Rd5 Rc1 47.
Rb5 Rc3 48. Kg1 Kh6 49. Kh2 Rd6 50. b4 axb4 51. Rxb4 Rf6 52. Rb5 Rxc4 53. a5 bxa5 54. Rxa5 g5 55. Kg3 Rc3+ 56. Kh2 Rc4 57. Kg3 Kg6 58. Bg4 Rc3+ 59. Bf3 Rf4 60. Ra6+ Rf6 61. Ra5 Re3 62. Rb5 Rf5 63. Rb6+ Rf6 64. Rb5 Re7 65.
Rb4 Re5 66. Rc4 Rd6 67. Be4+ Kf6 68. Bf3 Re3 69. Rb4 Red3 70. Rb5 R6d4 71. Rb6+ Kg7 72. Rb7+ Kg6 73. Rb6+ Kf5 74. Rb5+ Kf6 75. Rb6+ Rd6 76. Rb4 R3d4 77. Rb5 Rf4 78. Ra5 Kg6 79. Rb5 Kf6 80.
Ra5 Rf5 81. Ra4 Re5 82. Rb4 Kg6 83. Ra4 Rc5 84. Rb4 Kf6 85. Ra4 Re6 86. Rb4 Rf5 87. Ra4 Rd6 88. Rb4 Kg7 89. Ra4 Rdf6 90. Rb4 Rf4 91. Rb5 Kh6 92. Ra5 Rb4 93. Rc5 g4 94. Bxg4 Rg6 95. Rh5+ Kg7 96. Rh4 Kf6 97.
Kh3 Rg5 98. Bf3 Rb1 99. Rg4 Rh5+ 100. Kg3 Re5 101. Ra4 Rg5+ 102. Kf2 Rb2+ 103. Ke3 Re5+ 104. Kf4 Rf5+ 105. Kg3 Rg5+ 106. Rg4 Rxg4+ 107. Kxg4 Kg7 108. Kg5 Rxg2+ 109.
Bxg2 1/2-1/2

[Event "*** MasterClass Titled Tuesday Blitz"]
[Site "Chess.com"]
[Date "2017.07.04"]
[Round "7"]
[White "dhanushbharadwaj"]
[Black "IMJonathanCarlstedt"]
[Result "1-0"]
[WhiteElo "2360"]
[BlackElo "2442"]
[TimeControl "180+2"]
[EndTime "14:32:15 PDT"]
[Termination "dhanushbharadwaj won by resignation"]

1. Nf3 d5 2. c4 d4 3. g3 Nc6 4.
Bg2 e5 5. O-O e4 6. Ne1 f5 7. d3 Nf6 8. Bg5 Be7 9. Bxf6 Bxf6 10. dxe4 fxe4 11. Bxe4 Bh3 12. Bg2 Bxg2 13. Kxg2 O-O 14.
Nd2 Qd7 15. Nd3 Rae8 16. Re1 h5 17. Nf3 h4 18. Nf4 Re4 19. Qd3 Rfe8 20. Rad1 hxg3 21. hxg3 Qg4 22. Nd5 Bd8 23. b4 a6 24. b5 axb5 25.
cxb5 Ne5 26. Nxe5 R4xe5 27. Nf4 g5 28. Qg6+ Kf8 29. Rh1 Qf5 30. Rh8+ 1-0

[Event "*** MasterClass Titled Tuesday Blitz"]
[Site "Chess.com"]
[Date "2017.07.04"]
[Round "7"]
[White "playablecharacter"]
[Black "platy3"]
[Result "0-1"]
[WhiteElo "2020"]
[BlackElo "2612"]
[TimeControl "180+2"]
[EndTime "14:32:22 PDT"]
[Termination "platy3 won by checkmate"]

1. d4 Nf6 2. c4 e6 3. Nc3 Bb4 4. Qc2 O-O 5. Nf3 b6 6. e4 Bb7 7.
Bd3 Bxc3+ 8. bxc3 d5 9. e5 dxc4 10. Bxc4 Nd5 11. O-O Nd7 12. Qe4 c5 13. Ng5 g6 14. Qh4 h5 15. g4 cxd4 16. cxd4 Rc8 17. Bd3 Rxc1 18. Raxc1 Nf4 19. gxh5 Qxg5+ 20. Qg3 Nh3# 0-1

[Event "*** MasterClass Titled Tuesday Blitz"]
[Site "Chess.com"]
[Date "2017.07.04"]
[Round "7"]
[White "Cryptochess"]
[Black "1e41-0"]
[Result "1-0"]
[WhiteElo "2508"]
[BlackElo "2296"]
[TimeControl "180+2"]
[EndTime "14:33:07 PDT"]
[Termination "Cryptochess won by checkmate"]

1. e4 e6 2. d4 d5 3. Nc3 Bb4 4. e5 c5 5. a3 Bxc3+ 6. bxc3 Ne7 7. Qg4 Qc7 8. Qxg7 Rg8 9. Qxh7 cxd4 10. Ne2 Nbc6 11. f4 dxc3 12. Qd3 d4 13. Ng3 Bd7 14. Be2 O-O-O 15. Bf3 Nd5 16. O-O Be8 17. Bxd5 Rxd5 18. Ne4 Ne7 19. Nf6 Bb5 20. Nxd5 Bxd3 21. Nxc7 Bxf1 22. Kxf1 Kxc7 23. g3 b5 24. Rb1 Rb8 25.
Ke2 Kc6 26. Kd3 Kd5 27. g4 Nc6 28. h4 b4 29. h5 a5 30. h6 bxa3 31. Rxb8 a2 32.
Rb5# 1-0

[Event "*** MasterClass Titled Tuesday Blitz"]
[Site "Chess.com"]
[Date "2017.07.04"]
[Round "7"]
[White "blitzcopter"]
[Black "kharov2001"]
[Result "1-0"]
[WhiteElo "2047"]
[BlackElo "2037"]
[TimeControl "180+2"]
[EndTime "14:33:22 PDT"]
[Termination "blitzcopter won by resignation"]

1. e4 e5 2. Bc4 Nf6 3. d3 Bc5 4. Nc3 O-O 5. f4 Nc6 6. Nf3 d6 7. f5 Ng4 8. Bg5 Qe8 9. Qe2 Bf2+ 10. Kd2 Na5 11. h3 Nxc4+ 12. dxc4 Ne3 13. Bxe3 Bxe3+ 14. Qxe3 c6 15. Rad1 b5 16. cxb5 cxb5 17.
a3 a5 18. Nd5 b4 19. f6 Qc6 20. Ne7+ 1-0

[Event "*** MasterClass Titled Tuesday Blitz"]
[Site "Chess.com"]
[Date "2017.07.04"]
[Round "7"]
[White "viggi38"]
[Black "DanielRensch"]
[Result "1-0"]
[WhiteElo "2264"]
[BlackElo "2405"]
[TimeControl "180+2"]
[EndTime "14:33:30 PDT"]
[Termination "viggi38 won by resignation"]

1. c4 e5 2. g3 Nc6 3. Nc3 Nf6 4. Bg2 Bc5 5. Nf3 O-O 6. O-O d6 7. d3 a6 8. a3 h6 9. b4 Bb6 10. Bb2 Re8 11. e3 Bg4 12. h3 Be6 13. Re1 Qd7 14. Kh2 e4 15. dxe4 Bxc4 16. Nd2 Bd3 17. Qb3 Rad8 18. Nd5 Nxe4 19. Qxd3 Ng5 20. Qc3 f6 21. Nf4 Ne7 22. h4 Ne6 23. Bh3 Nxf4 24. Bxd7 Nfd5 25. Be6+ Kh8 26. Bxd5 Nxd5 27. Qd3 Ne7 28. Nf3 d5 29. Nd4 c6 30. Nf5 Ng8 31.
h5 Re4 32. Nh4 Bc7 33. Ng6+ Kh7 34. f3 1-0

[Event "*** MasterClass Titled Tuesday Blitz"]
[Site "Chess.com"]
[Date "2017.07.04"]
[Round "7"]
[White "angieflynn"]
[Black "Colombiano07"]
[Result "0-1"]
[WhiteElo "1759"]
[BlackElo "2309"]
[TimeControl "180+2"]
[EndTime "14:33:39 PDT"]
[Termination "Colombiano07 won by resignation"]

1. Nf3 Nf6 2. c4 Nc6 3. b3 e5 4. Bb2 d6 5. d3 g6 6. g3 Bg7 7.
Bg2 O-O 8. O-O Re8 9. e3 Bg4 10. Qc2 Qd7 11. Nbd2 Bh3 12. a3 Bxg2 13. Kxg2 Ne7 14.
d4 Nf5 15. dxe5 dxe5 16. Nxe5 Qd6 17. Ndf3 Qa6 18. Rad1 Rad8 19. Rxd8 Rxd8 20. Rd1 Re8 21. Nd7 Nxd7 22. Rxd7 Qc6 23. Rd3 Qe4 24. Bxg7 Kxg7 25. Qd2 Nh4+ 26. gxh4 Qg4+ 27. Kf1 Qxf3 28. Rd4 Qh1+ 29.
Ke2 Qxh2 30. Rf4 Qxf4 0-1

[Event "*** MasterClass Titled Tuesday Blitz"]
[Site "Chess.com"]
[Date "2017.07.04"]
[Round "7"]
[White "SuperCheese"]
[Black "Popopuiyt"]
[Result "1-0"]
[WhiteElo "2425"]
[BlackElo "2236"]
[TimeControl "180+2"]
[EndTime "14:33:55 PDT"]
[Termination "SuperCheese won by resignation"]

1. d4 Nf6 2. c4 e6 3. Nc3 Bb4 4. a3 Bxc3+ 5. bxc3 c5 6. e3 O-O 7. Bd3 d6 8. Ne2 Nc6 9. e4 e5 10. d5 Na5 11. O-O b6 12. Bg5 h6 13. Bh4 g5 14.
Bg3 Ba6 15. f4 Nd7 16. fxe5 dxe5 17. Bf2 Bxc4 18. Ng3 Bxd3 19. Qxd3 Kh7 20. Nf5 Nb7 21. Qh3 Qf6 22. Be3 Rad8 23. Ra2 Nd6 24. Nxd6 Qxd6 25. Bxg5 1-0

[Event "*** MasterClass Titled Tuesday Blitz"]
[Site "Chess.com"]
[Date "2017.07.04"]
[Round "7"]
[White "Schemato"]
[Black "AdrianaNikolova"]
[Result "0-1"]
[WhiteElo "2292"]
[BlackElo "2314"]
[TimeControl "180+2"]
[EndTime "14:34:20 PDT"]
[Termination "AdrianaNikolova won by resignation"]

1. c4 e5 2. g3 Nf6 3. Bg2 d5 4. cxd5 Nxd5 5. Nf3 Nc6 6. O-O Be7 7. d4 e4 8. Ne5 f5 9. Nxc6 bxc6 10. Nc3 O-O 11. Qa4 Qd6 12. Nxd5 cxd5 13. Bf4 Qb6 14. b3 Bf6 15. e3 g5 16. Be5 Bxe5 17. dxe5 Qe6 18. Qd4 Ba6 19. Rfc1 Rac8 20. Qxa7 Bd3 21. Rxc7 Qxe5 22.
Rac1 Rxc7 23. Qxc7 Qxc7 24. Rxc7 Ra8 25. a4 Rb8 26. Rc3 Kf7 27. Bf1 Bxf1 28. Kxf1 Ke6 29.
Ke2 Ke5 30. Kd2 f4 31. Kc2 fxe3 32. fxe3 Rf8 33. a5 Rf2+ 34. Kb1 d4 35. Rc5+ Kd6 36. exd4 e3 37. Re5 e2 38. a6 Rf1+ 39. Kb2 e1=Q 40. Rxe1 Rxe1 41. b4 Kc6 42. d5+ Kxd5 43. Kc3 Re3+ 44.
Kb2 Kc4 0-1

[Event "*** MasterClass Titled Tuesday Blitz"]
[Site "Chess.com"]
[Date "2017.07.04"]
[Round "7"]
[White "Me_ch_an"]
[Black "Rating-Schmating"]
[Result "1-0"]
[WhiteElo "2254"]
[BlackElo "2226"]
[TimeControl "180+2"]
[EndTime "14:34:36 PDT"]
[Termination "Me_ch_an won by checkmate"]

1. e4 e6 2. d4 d5 3. e5 c5 4. c3 Nc6 5. Ne2 Qb6 6. g3 f6 7.
exf6 Nxf6 8. Bg2 Bd7 9. O-O Bd6 10.
b3 O-O 11. Be3 Rae8 12. h3 cxd4 13. cxd4 Qc7 14. Nbc3 a6 15. Rc1 Qb8 16. Na4 Ne4 17.
Nc5 Nxc5 18. dxc5 Bc7 19. a3 Ne5 20. Nd4 Ng6 21. b4 Bc6 22. a4 e5 23. Nxc6 bxc6 24. Rb1 e4 25. b5 axb5 26. axb5 Qa8 27. b6 Be5 28. Bd4 Bxd4 29. Qxd4 Qb7 30. Ra1 Ra8 31. Rxa8 Rxa8 32. Ra1 Nf8 33. Rxa8 Qxa8 34. Qe5 Qa2 35. Kh2 Qb1 36. Qc7 Ne6 37. Qc8+ Kf7 38. b7 Nd4 39.
b8=Q Qc2 40. Qf4+ Kg6 41. Qcg4# 1-0

[Event "*** MasterClass Titled Tuesday Blitz"]
[Site "Chess.com"]
[Date "2017.07.04"]
[Round "7"]
[White "BigMak2500"]
[Black "abubakrtagelsir"]
[Result "1-0"]
[WhiteElo "2409"]
[BlackElo "2178"]
[TimeControl "180+2"]
[EndTime "14:34:45 PDT"]
[Termination "BigMak2500 won by resignation"]

1. e4 d6 2. d4 Nf6 3. Nc3 g6 4. h4 h5 5. Bg5 Bg7 6. Be2 c6 7. Qd2 b5 8. O-O-O b4 9. Na4 Nxe4 10. Qe3 Nxg5 11. hxg5 Nd7 12. g4 h4 13. Bc4 Nb6 14. Nxb6 axb6 15. f3 d5 16. Bb3 e6 17. f4 c5 18. dxc5 bxc5 19. Bxd5 Qa5 20. Bc6+ Kf8 21. Bxa8 Qxa8 22. Qxc5+ Ke8 23. Qb5+ Ke7 24. Qxb4+ Ke8 25.
Qb5+ Ke7 26. Qc5+ Ke8 27. Qc7 Ba6 28. Nf3 Be2 29. Ne5 Bxe5 30. Qxe5 Rh7 31. Qxe2 1-0

[Event "*** MasterClass Titled Tuesday Blitz"]
[Site "Chess.com"]
[Date "2017.07.04"]
[Round "7"]
[White "CraiggoryC"]
[Black "djogrodek1"]
[Result "0-1"]
[WhiteElo "2050"]
[BlackElo "2340"]
[TimeControl "180+2"]
[EndTime "14:34:51 PDT"]
[Termination "djogrodek1 won by resignation"]

1. e4 c5 2. Nf3 d6 3. d4 cxd4 4. Nxd4 Nf6 5. Nc3 g6 6. Be3 Bg7 7. f3 O-O 8. Qd2 Nc6 9. Bc4 Bd7 10. O-O-O Rc8 11. Bb3 Nxd4 12. Bxd4 b5 13. Nd5 Nxd5 14.
Bxg7 Kxg7 15. exd5 a5 16. a3 Kg8 17. Rhe1 Rc5 18.
g4 b4 19. axb4 axb4 20. Qxb4 Qa8 21. Rd3 Qa1+ 22. Kd2 Qxb2 23. Qd4 Qxd4 24. Rxd4 Re8 25. Rde4 Kf8 26. h4 Bc8 27. Ra4 Bb7 28. c4 Rb8 29.
Re3 Rc7 30. Ra7 Ke8 31. Ba4+ Kd8 32. Bc6 Bxc6 33. Rxc7 Kxc7 34. dxc6 e6 35. f4 Kxc6 36. f5 gxf5 37. gxf5 e5 38. Rg3 Kc5 39. Rg7 Kxc4 40. Rxf7 Kd4 41. Rxh7 e4 42. Re7 Rb2+ 43. Kc1 Rf2 44. Re6 d5 45. f6 Kc3 46. Rc6+ Kd3 47. h5 e3 48. h6 e2 49. Re6 Rxf6 0-1

[Event "*** MasterClass Titled Tuesday Blitz"]
[Site "Chess.com"]
[Date "2017.07.04"]
[Round "7"]
[White "GM_dmitrij"]
[Black "escher"]
[Result "1-0"]
[WhiteElo "2483"]
[BlackElo "2038"]
[TimeControl "180+2"]
[EndTime "14:34:52 PDT"]
[Termination "GM_dmitrij won by resignation"]

1. e4 c5 2. Nf3 Nc6 3. d4 cxd4 4. Nxd4 Nf6 5. Nc3 e5 6. Ndb5 d6 7. Bg5 a6 8. Na3 b5 9. Bxf6 gxf6 10. Nd5 f5 11.
Bd3 Be6 12. c3 Bg7 13. Nxb5 axb5 14. Bxb5 Bd7 15. exf5 f6 16. Qh5+ Kf8 17. O-O Qa5 18. a4 Rd8 19. Rfd1 Ne7 20. Bc4 Be8 21. Qf3 Bc6 22. b4 Qa8 23. b5 Bxd5 24. Bxd5 Nxd5 25. Rxd5 Ke7 26. a5 Rc8 27. b6 Qa6 28. Qg4 Rhg8 29. Qb4 Rc6 30. Qb5 Qxb5 31. Rxb5 Kd7 32. a6 Kc8 33.
Rba5 Rxb6 34. a7 Kb7 35. a8=Q+ Rxa8 36. Rxa8 Bh6 37. R8a7+ Kc6 38. Rxh7 Bd2 39. h4 Bxc3 40. Rc1 Rb3 41. h5 Kd5 42. h6 Rb8 43. Rxc3 1-0

[Event "*** MasterClass Titled Tuesday Blitz"]
[Site "Chess.com"]
[Date "2017.07.04"]
[Round "7"]
[White "politeplayer"]
[Black "maheswaran26"]
[Result "1-0"]
[WhiteElo "2185"]
[BlackElo "2142"]
[TimeControl "180+2"]
[EndTime "14:35:00 PDT"]
[Termination "politeplayer won on time"]

1. e4 e5 2. Nf3 Nc6 3. Bb5 a6 4. Bxc6 dxc6 5. O-O Bg4 6. h3 h5 7. d3 Qf6 8. Nbd2 Bc5 9. Re1 Ne7 10. Nb3 Bxf3 11.
Qxf3 Bd6 12. Qxf6 gxf6 13. Be3 O-O-O 14. Rad1 b6 15. d4 a5 16. dxe5 fxe5 17. f4 exf4 18. Bd4 Rhg8 19. e5 Bb4 20. c3 a4 21. Nd2 Nf5 22. Bf2 Ne3 23. Bxe3 fxe3 24. cxb4 exd2 25. Re2 Rd3 26. Rexd2 Rxh3 27. Rf1 Re3 28. Rxf7 1-0

[Event "*** MasterClass Titled Tuesday Blitz"]
[Site "Chess.com"]
[Date "2017.07.04"]
[Round "7"]
[White "Adham_Fawzy"]
[Black "AkshatChandra"]
[Result "0-1"]
[WhiteElo "2432"]
[BlackElo "2669"]
[TimeControl "180+2"]
[EndTime "14:35:02 PDT"]
[Termination "AkshatChandra won by resignation"]

1. e4 c5 2. Nf3 d6 3. d4 cxd4 4. Nxd4 Nf6 5. Nc3 a6 6. Be3 e5 7. Nb3 Be6 8. f3 h5 9. Qd2 Nbd7 10. Nd5 Bxd5 11. exd5 g6 12. Be2 Bg7 13. O-O b6 14.
a4 O-O 15. c3 Re8 16. h3 Qc7 17. Nc1 Qb7 18. Rd1 Kh7 19. a5 b5 20. Na2 Ng8 21.
Nb4 Bh6 22. Bxh6 Nxh6 23. g4 hxg4 24. hxg4 Kg7 25. Kg2 Rh8 26. Rh1 Nc5 27. Raf1 Rae8 28. Rh3 f6 29. Nc6 Nf7 30. b4 Rxh3 31. Kxh3 Ng5+ 32.
Kg2 Nce6 33. Rc1 Nf4+ 34. Kg3 Rh8 35. Bf1 Qf7 36. c4 Qg8 37. cxb5 Qh7 38. Kf2 Qh2+ 39. Ke3 Qg1+ 40. Qf2 Nxd5+ 41. Ke2 Rh2 42. Qxh2 Qxh2+ 43. Ke1 Nxf3+ 0-1

[Event "*** MasterClass Titled Tuesday Blitz"]
[Site "Chess.com"]
[Date "2017.07.04"]
[Round "7"]
[White "Yaacovn"]
[Black "IamSchrodingersCat"]
[Result "0-1"]
[WhiteElo "2635"]
[BlackElo "2438"]
[TimeControl "180+2"]
[EndTime "14:35:08 PDT"]
[Termination "IamSchrodingersCat won on time"]

1. d4 Nf6 2. Nf3 e6 3. c4 d5 4.
Nc3 dxc4 5. Qa4+ Nbd7 6. e4 a6 7. Bxc4 c6 8. Be2 Be7 9. O-O O-O 10. Rd1 b5 11. Qc2 Bb7 12. e5 Nd5 13. Ne4 Rc8 14.
Bg5 c5 15. Bxe7 Qxe7 16. Nd6 Rc7 17. dxc5 Rxc5 18. Qd2 Nxe5 19. Nxb7 Nxf3+ 20. Bxf3 Qxb7 21. h3 Rd8 22. Rac1 Rxc1 23. Qxc1 h6 0-1

[Event "*** MasterClass Titled Tuesday Blitz"]
[Site "Chess.com"]
[Date "2017.07.04"]
[Round "7"]
[White "gena217"]
[Black "vpantev"]
[Result "1-0"]
[WhiteElo "2678"]
[BlackElo "2459"]
[TimeControl "180+2"]
[EndTime "14:35:13 PDT"]
[Termination "gena217 won by checkmate"]

1. e4 c6 2. d4 d5 3. e5 Bf5 4.
Nf3 e6 5. Be2 Ne7 6. O-O Nd7 7.
Nh4 Bg6 8. c3 Nf5 9. Nxg6 hxg6 10. Nd2 c5 11. Nf3 cxd4 12. cxd4 Be7 13. g3 Qb6 14. h4 O-O-O 15. a4 a5 16. Kg2 Nb8 17. Bd2 Nc6 18. Bc3 Kb8 19. Bb5 Nb4 20. Qd2 Rc8 21.
Rac1 Rc7 22. Rh1 Rhc8 23. h5 gxh5 24. Rxh5 Nh6 25. Rch1 Rxc3 26. bxc3 Nc6 27. Rb1 Ka7 28. Rhh1 Qc7 29. Rb3 Nd8 30. Rhb1 Nf5 31. Bd3 Nh6 32.
Qf4 Rb8 33. g4 f6 34. g5 Nhf7 35. g6 fxe5 36. dxe5 Nh6 37. c4 Nc6 38. cxd5 exd5 39. Rb5 Bb4 40. Rxd5 Rf8 41. Qe4 Nd8 42. Qe3+ Ka8 43.
Rc1 Qb8 44. Qb6 Re8 45. Rxa5+ Bxa5 46. Qxa5+ Qa7 47. Rc8# 1-0

[Event "*** MasterClass Titled Tuesday Blitz"]
[Site "Chess.com"]
[Date "2017.07.04"]
[Round "7"]
[White "scrapnel"]
[Black "Divertissement"]
[Result "1-0"]
[WhiteElo "2540"]
[BlackElo "2408"]
[TimeControl "180+2"]
[EndTime "14:35:13 PDT"]
[Termination "scrapnel won by checkmate"]

1. Nf3 c5 2. c4 b6 3. Nc3 Bb7 4. e3 Nf6 5. d4 cxd4 6. exd4 e6 7. d5 Bc5 8. Be2 h6 9. O-O O-O 10. a3 a5 11. Bf4 Re8 12. d6 Na6 13. Ne5 Ne4 14.
Bh5 g6 15. Bf3 Nxc3 16. bxc3 Bxf3 17. Qxf3 Bxd6 18. Nxf7 Qf6 19. Nxd6 Rf8 20. Bxh6 Qxf3 21. gxf3 Rxf3 22. Be3 Raf8 23. Rab1 Nc5 24. Rxb6 Na4 25.
Rb3 g5 26. Rd1 Kg7 27. Ne4 d5 28. cxd5 exd5 29. Rxd5 Ra8 30. Rxg5+ Kh8 31. Bd4+ Kh7 32. Rb7+ Kh6 33. Bg7+ Kh7 34. Nf6+ Rxf6 35. Bxf6+ Kh6 36. Rbg7 Ra6 37. Bd4 Nb2 38. Rg3 Rg6 39. R7xg6+ Kh5 40. Rg8 Nc4 41. Rh3# 1-0

[Event "*** MasterClass Titled Tuesday Blitz"]
[Site "Chess.com"]
[Date "2017.07.04"]
[Round "7"]
[White "rasmussvane"]
[Black "OparinGrigoriy"]
[Result "0-1"]
[WhiteElo "2527"]
[BlackElo "2747"]
[TimeControl "180+2"]
[EndTime "14:35:16 PDT"]
[Termination "OparinGrigoriy won by resignation"]

1. Nf3 Nf6 2. g3 g6 3. Bg2 Bg7 4. O-O O-O 5. d4 d5 6. c4 c6 7. b3 a5 8. Nc3 Na6 9. Bb2 Bf5 10.
Nd2 Qd7 11. Na4 Rad8 12. cxd5 Nxd5 13. Rc1 Ndb4 14. a3 Bxd4 15. axb4 Bxb2 16. Nxb2 Qxd2 17.
Qxd2 Rxd2 18. Nc4 Rxe2 19. Nxa5 Rb8 20. b5 cxb5 21. Bxb7 Nb4 22. Bf3 Rb2 23. Rc7 e5 24. Nc6 Nxc6 25. Bxc6 Be6 26. Re1 Rxb3 27. Bd7 Bxd7 28.
Rxd7 Re8 29. Rc1 Re6 30. Rc5 Rb2 31. Rb7 b4 32. Rc4 Rf6 33. f4 Rd6 0-1

[Event "*** MasterClass Titled Tuesday Blitz"]
[Site "Chess.com"]
[Date "2017.07.04"]
[Round "7"]
[White "wonderfultime"]
[Black "ChessQueen"]
[Result "1-0"]
[WhiteElo "2657"]
[BlackElo "2519"]
[TimeControl "180+2"]
[EndTime "14:35:36 PDT"]
[Termination "wonderfultime won by resignation"]

1. d4 Nf6 2. c4 e6 3. Nc3 Bb4 4. e3 d5 5. a3 Bxc3+ 6. bxc3 O-O 7. cxd5 exd5 8. Bd3 c5 9. Ne2 b6 10. O-O Ba6 11. Ng3 Bxd3 12. Qxd3 Nc6 13. Ra2 Rc8 14. Re2 Na5 15. f3 Nb3 16. Bb2 c4 17. Qc2 b5 18.
e4 Re8 19. e5 Nd7 20. f4 Nf8 21. f5 Qg5 22. Ref2 Rc6 23. Rf4 Rh6 24. Bc1 Nxc1 25.
Qxc1 Rh4 26. Rxh4 Qxh4 27. Rf4 Qg5 28. Qe3 a5 29. h4 Qe7 30. f6 Qxa3 31. fxg7 Ng6 32.
Rf1 Re6 33. Nf5 b4 34. Qg5 Re8 35. Nh6+ Kxg7 36. Rxf7+ 1-0

[Event "*** MasterClass Titled Tuesday Blitz"]
[Site "Chess.com"]
[Date "2017.07.04"]
[Round "7"]
[White "Rodalquilar"]
[Black "kleinebeer98"]
[Result "0-1"]
[WhiteElo "2511"]
[BlackElo "2447"]
[TimeControl "180+2"]
[EndTime "14:35:38 PDT"]
[Termination "kleinebeer98 won on time"]

1. d4 Nf6 2. Bf4 e6 3. e3 Be7 4.
Nd2 O-O 5. h3 c5 6. c3 b6 7.
Ngf3 Bb7 8. Bd3 d6 9. O-O Nbd7 10. Bh2 Rc8 11. a4 Qc7 12. a5 Qb8 13. axb6 axb6 14. e4 cxd4 15. cxd4 e5 16. Re1 Rfe8 17. Qb3 exd4 18.
Ng5 Rf8 19. Bc4 Nc5 20. Bxf7+ Kh8 21. Qxb6 h6 22. e5 Nfd7 23. exd6 Bxg5 24. Qb4 Rxf7 25. Qxd4 Nb3 26. Nxb3 Bxg2 27. Re7 Qxb3 28. Rxf7 Qxf7 29.
Kxg2 Bf6 30. Qa7 Bxb2 31. Re1 Bf6 32. Qb7 Rf8 33. Bg3 h5 34. h4 Rd8 35. Qc7 Qg6 36. Re7 Bxe7 37. dxe7 Qe4+ 38. Kh2 Qxe7 39. Qa5 Nf6 40.
Qg5 Ng4+ 41. Kg2 Qxg5 42. hxg5 g6 43. Bf4 Kg7 44. Kg3 Rf8 45. Bd2 Rxf2 0-1

[Event "*** MasterClass Titled Tuesday Blitz"]
[Site "Chess.com"]
[Date "2017.07.04"]
[Round "7"]
[White "merillium"]
[Black "stalyansky"]
[Result "1-0"]
[WhiteElo "2335"]
[BlackElo "2237"]
[TimeControl "180+2"]
[EndTime "14:35:38 PDT"]
[Termination "merillium won by resignation"]

1. c4 e6 2. g3 d5 3. Bg2 dxc4 4.
Qa4+ Nd7 5. Qxc4 a6 6. Qb3 Ra7 7. Nf3 c5 8. O-O b6 9. d4 Ngf6 10. Rd1 Be7 11. dxc5 bxc5 12. Ne5 Qc7 13. Nc4 O-O 14. Nc3 Bb7 15. Bf4 e5 16. Be3 Rb8 17. Qc2 Bxg2 18. Kxg2 Nb6 19. Nxb6 Qxb6 20. b3 Qc6+ 21.
Kg1 Rd7 22. Bg5 Rbd8 23. Bxf6 Bxf6 24. e4 g6 25. Nd5 Bg7 26. Ne7+ Rxe7 27. Rxd8+ Re8 28.
Rad1 Rxd8 29. Rxd8+ Bf8 30. Qc4 Kg7 31. Qd5 Qf6 32. Kg2 h5 33. h4 Be7 34. Rd7 Kg8 35. Rb7 Kg7 36. Qd7 Bd8 37. Rb8 Bb6 38. Qe8 Kh7 39. Qg8+ Kh6 40. Rf8 c4 41. Rxf7 1-0

[Event "*** MasterClass Titled Tuesday Blitz"]
[Site "Chess.com"]
[Date "2017.07.04"]
[Round "7"]
[White "Noukii"]
[Black "Indianlad"]
[Result "1-0"]
[WhiteElo "2593"]
[BlackElo "2513"]
[TimeControl "180+2"]
[EndTime "14:35:47 PDT"]
[Termination "Noukii won by resignation"]

1. d4 Nf6 2. Nf3 e6 3. Bg5 h6 4. Bxf6 Qxf6 5. e4 d6 6. c3 g6 7.
a4 Bg7 8. a5 O-O 9. Nbd2 e5 10.
dxe5 dxe5 11. Be2 Nd7 12. O-O Nc5 13. Qc2 Rd8 14. Rfe1 Bg4 15. Nc4 Bxf3 16. Bxf3 a6 17. Red1 Rxd1+ 18. Rxd1 Rd8 19. b4 Ne6 20. Bg4 h5 21.
Bxe6 Rxd1+ 22. Qxd1 Qxe6 23. Qd8+ Kh7 24. Qxc7 Qg4 25.
Ne3 Qxe4 26. Qxf7 Kh8 27. g3 h4 28. gxh4 Bh6 29. Qe8+ Kh7 30. Qd7+ Kh8 31. Qd5 Qb1+ 32.
Nf1 Bf4 33. Kg2 Qc2 34. Qxb7 Qxc3 35. b5 axb5 36. a6 1-0

[Event "*** MasterClass Titled Tuesday Blitz"]
[Site "Chess.com"]
[Date "2017.07.04"]
[Round "7"]
[White "charlescandycampbell"]
[Black "stuffings101"]
[Result "0-1"]
[WhiteElo "2104"]
[BlackElo "2201"]
[TimeControl "180+2"]
[EndTime "14:35:52 PDT"]
[Termination "stuffings101 won by checkmate"]

1. d4 Nf6 2. Nf3 g6 3. g3 Bg7 4. Bg2 d6 5. O-O O-O 6. c4 c6 7.
Nc3 Qa5 8. h3 Nbd7 9. e4 e5 10.
dxe5 Nxe5 11. Nxe5 dxe5 12. Qc2 Be6 13. b3 Rfe8 14.
Be3 Bf8 15. a3 Qc7 16. c5 Nd7 17. Na4 b5 18. cxb6 axb6 19. b4 b5 20. Nc5 Nxc5 21.
Bxc5 Bc4 22. Rfd1 Bxc5 23. bxc5 Qa7 24. Bf1 Qxc5 25. Bxc4 bxc4 26. a4 Reb8 27. Rdc1 Rb4 28. Ra3 h5 29. Kg2 Rab8 30. Rc3 Rb2 31. Rxc4 Qa7 32. Rxc6 Rxc2 33. R1xc2 Qxa4 34. R6c4 Qa1 35. Rc1 Qa8 36. R1c2 Kg7 37. h4 Rb1 38. Rc8 Qxe4+ 39. f3 Qe1 40. f4 Qf1+ 41. Kh2 exf4 42. gxf4 Qxf4+ 43. Kg2 Qg4+ 44. Kf2 Qxh4+ 45. Ke2 Qe4+ 46. Kf2 Qe1+ 47. Kf3 Rb3+ 48. Kf4 Qe3# 0-1